 Dungeon Crawl Stone Soup version 0.31-a0-1-g4198be8af4 (webtiles) character file.

Game seed: 2193634810211195017

33980 jasper the Agent of Entropy (level 13, -14/111 HPs)
             Began as a Demonspawn Cinder Acolyte on May 2, 2023.
             Was a Priest of Lugonu.
             Demolished by a naga
             ... wielding a +0 dire flail
              (23 damage)
             ... on level 3 of the Lair of Beasts.
             The game lasted 00:28:05 (13236 turns).

jasper the Agent of Entropy (DsCA)                 Turns: 13236, Time: 00:28:06

Health: -14/111    AC: 18    Str: 15    XL:     13   Next: 39%
Magic:  14/24      EV: 13    Int: 23    God:    Lugonu [***...]
Gold:   281        SH:  4    Dex: 13    Spells: 13/14 levels left

rFire   + .          .
                       - Unarmed
rCold   . . .        (no shield)
rNeg    . . .        W - +0 steam dragon scales
rPois   .            A - +1 helmet {Int+3}
rElec   .            b - +2 cloak {Will+}
rCorr   .            g - +0 pair of gloves
SInv    .            C - +2 pair of boots {rampage}
Will    +....        w - amulet of Nobility {rF+ Regen+}
Stlth   +++          o - +5 ring of evasion
HPRegen 1.18/turn    q - ring of flight
MPRegen 0.19/turn

%: rampage
@: flying, constricted
A: claws 2, thin skeletal structure 2, icemail 1, powered by death 2,
condensation shield
a: Renounce Religion, Depart the Abyss, Banish


You were on level 3 of the Lair of Beasts.
You worshipped Lugonu.
Lugonu was most pleased with you.
You visited 2 branches of the dungeon, and saw 16 of its levels.
You visited the Abyss 1 time.
You visited 1 bazaar.
You also visited: Sewer.

You collected 927 gold pieces.
You spent 646 gold pieces at shops.

Inventory:

Missiles
 d - 71 stones (quivered)
 s - 18 poisoned darts
Armour
 a - a +0 robe
 b - a +2 cloak of willpower (worn)
 f - a +0 leather armour
 g - a +0 pair of gloves (worn)
 h - a +0 ring mail
 k - a +2 animal skin
 l - a +0 helmet
 r - a +1 cloak
 A - a +1 helmet of intelligence (worn)
 C - a +2 pair of boots of rampaging (worn)
 F - the +2 kite shield of the Present {Dex+4}
   (You found it on level 7 of the Dungeon)

   Dex:       It affects your dexterity (+4).
 H - +0 steam dragon scales
 J - a +0 chain mail
 K - the +1 leather armour of Jywuefue {Harm}
   (You found it on level 11 of the Dungeon)

   Harm:      It increases damage dealt and taken.
 W - +0 steam dragon scales (worn)
Jewellery
 o - a +5 ring of evasion (left hand)
 q - a ring of flight (right hand)
 w - the amulet of Nobility (around neck) {rF+ Regen+}
   (You acquired it on level 6 of the Dungeon)

   [amulet of regeneration]

   rF:        It protects you from fire.
   Regen:     It increases your rate of health regeneration.
 G - a ring of fire
 T - a +4 ring of protection
 Y - an amulet of guardian spirit
Wands
 t - a wand of paralysis (2)
 u - a wand of flame (50)
 D - a wand of mindburst (10)
 X - a wand of roots (6)
Scrolls
 e - a scroll of enchant weapon
 v - 2 scrolls of vulnerability
 y - 2 scrolls of amnesia
 B - 3 scrolls of poison
 E - a scroll of summoning
 I - 2 scrolls of magic mapping
 L - 6 scrolls of fog
 Q - 2 scrolls of blinking
 R - a scroll of immolation
 U - a scroll of fear
 Z - a scroll of identify
Potions
 c - 2 potions of invisibility {unknown}
 i - 4 potions of mutation
 j - 3 potions of attraction
 m - 4 potions of brilliance
 n - a potion of flight
 p - 4 potions of magic
 x - a potion of resistance
 z - 9 potions of ambrosia
 M - 8 potions of curing
 N - a potion of haste
 P - 2 potions of lignification
 S - a potion of cancellation
 V - 2 potions of might {unknown}


   Skills:
 + Level 13.2 Fighting
 + Level 14.5 Unarmed Combat
 - Level 1.0 Spellcasting
 - Level 2.6 Fire Magic
 - Level 15.0 Invocations


You had 13 spell levels left.
You knew the following spells:

 Your Spells              Type           Power      Damage    Failure   Level
a - Apportation           Tloc           2%         N/A       14%         1

Your spell library contained the following spells:

 Spells                   Type           Power      Damage    Failure   Level
 Scorch                   Fire           26%        2d6       7%          2
 Foxfire                  Conj/Fire      28%        2x1d5     9%          1
 Magic Dart               Conj           4%         1d3       14%         1
 Shock                    Conj/Air       4%         1d3       14%         1
 Sting                    Tmut/Pois      4%         1d3       14%         1
 Call Imp                 Summ           2%         N/A       22%         2
 Poisonous Vapours        Pois/Air       2%         N/A       22%         2
 Frozen Ramparts          Ice            2%         1d1       38%         3
 Mephitic Cloud           Conj/Pois/Air  1%         N/A       38%         3
 Swiftness                Air            1%         N/A       38%         3
 Airstrike                Air            0%         2d(1-17)  80%         4
 Animate Dead             Necr           1%         N/A       80%         4
 Ice Form                 Ice/Tmut       1%         N/A       80%         4
 Olgreb's Toxic Radiance  Pois           1%         N/A       80%         4
 Summon Ice Beast         Ice/Summ       1%         N/A       80%         4
 Fireball                 Conj/Fire      3%         3d4       92%         5
 Alistair's Intoxication  Tmut/Pois      0%         N/A       98%         5
 Borgnjor's Vile Clutch   Necr/Erth      0%         N/A       98%         5
 Freezing Cloud           Conj/Ice/Air   0%         6-21      98%         5
 Conjure Ball Lightning   Conj/Air       0%         3x3d6     100%        6
 Death Channel            Necr           0%         N/A       100%        6
 Eringya's Noxious Bog    Tmut/Pois      0%         N/A       100%        6
 Plasma Beam              Fire/Air       3%         2x1d15    100%        6
 Starburst                Conj/Fire      3%         6d3       100%        6
 Discord                  Hex            0%         N/A       100%        8
 Disjunction              Tloc           0%         N/A       100%        8


Dungeon Overview and Level Annotations

Branches:
Dungeon (13/15)            Temple (0/1) D:7            Lair (3/5) D:11
  Snake (0/4) Lair:3          Orc (0/2) D:10          Sewer (visited)
  Swamp: Lair:2-3    Shoals: Lair:2-3    Vaults: D:13-14

Altars:
Ashenzari
Cheibriados
Fedhas
Ru
Sif Muna
Xom

Shops:
D:5 =   D:8 :

Annotations:
D:5 1 runed translucent door, BlasphemerAmon's ghost, amateur MfGl
Lair:2 exclusion: ice statue


Innate Abilities, Weirdness & Mutations

You have very sharp fingernails.
You have a moderately thin skeletal structure. (Dex +4, Stealth++)
A meltable icy envelope protects you from harm. (AC +4)
You regenerate health from kills.
A meltable shield of frost defends you. (SH +4)


Message History

You feel sick.
The blink frog blinks!
You rampage towards the blink frog!
You pummel the blink frog!!
You kill the blink frog!
Lugonu accepts your kill.
You feel sick.
You are no longer poisoned.
The blink frog blinks!
You rampage towards the blink frog!
You closely miss the blink frog. Your punch misses the blink frog.
The blink frog hits you.
* * * LOW HITPOINT WARNING * * *
You take 2 damage, and have 29/111 hp.
You hit the blink frog. Your punch misses the blink frog.
The blink frog is lightly wounded.
The blink frog hits you!
* * * LOW HITPOINT WARNING * * *
The blink frog blinks!
You take 9 damage, and have 20/111 hp.
You hit the blink frog.
The blink frog is moderately wounded.
The blink frog blinks!
The naga spits poison at you. The splash of poison misses you.
You rampage towards the naga!
You hit the naga but do no damage.
The blink frog blinks!
The naga closely misses you. The naga grabs you. The naga constricts you.
You closely miss the naga. The naga barely misses you. The naga constricts you.
* * * LOW HITPOINT WARNING * * *
You take 4 damage, and have 18/111 hp.
You punch the naga!
The naga is heavily wounded.
You barely miss the naga.
The naga is heavily wounded.
The blink frog hits you!
* * * LOW HITPOINT WARNING * * *
The blink frog blinks!
The naga misses you. The naga constricts you.
You take 11 damage, and have 8/111 hp.
You punch the naga!
The naga is almost dead.
The naga hits you with a +0 dire flail!!
You die...

#....................##
#......#######†.......##
.......## ##..###...###
#.......# ##.#.......#
##.....## #.F#.......#.
.......P## #............
.........# ##.....>.....
####.#.### #.N§.........
.....#.## ##@#...!)..#.
........# #P.#.......#
........### ###F###...###
.....#.#..####P..........
..........................
.............#....#........
...........................
.........................
............#............


You could see 2 blink frogs and a naga.

Vanquished Creatures
  A lich (Abyss:1)
  Harold (D:9)
  A two-headed ogre (D:10)
  Erica (Lair:1)
  5 death yaks
  Amaemon (D:7)
  Maurice (D:8)
  2 elephants
  Maggie (Lair:1)
  A cane toad (Lair:3)
  An orange demon (D:8)
  3 komodo dragons
  Psyche (D:8)
  An ice devil (Lair:2)
  A troll (D:12)
  A hornet (D:10)
  Grinder (D:3)
  A queen bee (Lair:2)
  3 polar bears
  A blink frog (Lair:3)
  Sigmund (D:3)
  A wraith (D:9)
  5 wyverns
  An unseen horror simulacrum (D:9)
  A fire elemental (D:11)
  37 yaks
  2 basilisks (Lair:3)
  3 steam dragons
  7 vampire mosquitoes
  2 nagas (Lair:3)
  2 acid dragons
  3 water moccasins
  Duvessa (D:4)
  8 orc warriors
  10 ice beasts
  A sky beast (D:7)
  2 black bears (D:11)
  An ogre (D:7)
  13 wolves
  4 centaurs
  2 kobold brigands (D:8)
  A phantom (D:7)
  7 bullfrogs
  5 wights (D:10)
  Dowan (D:4)
  5 howler monkeys
  35 killer bees
  2 electric eels
  4 orc priests
  A gnoll bouda (D:4)
  5 hounds
  2 jellies
  Crazy Yiuf (D:3)
  6 iguanas
  4 sleepcaps
  11 orc wizards
  9 hell rats
  Terence (D:3)
  2 centaur simulacra
  Robin (D:3)
  11 gnolls
  2 river rats
  7 adders
  A shadow imp (D:6)
  6 white imps
  4 ufetubi (D:9)
  2 worms
  2 dart slugs
  36 orcs
  4 endoplasms (D:1)
  3 giant cockroaches
  12 goblins
  9 hobgoblins
  14 jackals
  16 kobolds
  A quokka (D:3)
  8 ball pythons
  A bat (D:1)
  2 frilled lizards (D:1)
  15 rats
395 creatures vanquished.

Vanquished Creatures (others)
  A manticore (D:12)
  2 howler monkeys (D:12)
  2 orcs
  2 bushes (Lair:2)
  13 fungi
  12 plants
32 creatures vanquished.

Grand Total: 427 creatures vanquished

Notes
Turn   | Place    | Note
-------+----------+-------------------------------------------
     0 | D:1      | jasper the Demonspawn Cinder Acolyte began the quest for
                  | the Orb.
     0 | D:1      | Reached XP level 1. HP: 18/18 MP: 2/2
   211 | D:1      | Gained mutation: You regenerate a little health from kills.
                  | [demonic ancestry]
   211 | D:1      | Reached XP level 2. HP: 24/24 MP: 3/3
   757 | D:1      | Found a shimmering blue altar of Sif Muna.
   826 | D:2      | Found a faded altar of an unknown god.
  1026 | D:2      | Identified the +3 whip of Omop {venom, *Rage rPois Int+3}
  1086 | D:2      | Reached XP level 3. HP: 21/29 MP: 4/4
  1322 | D:2      | Learned a level 1 spell: Apportation
  1678 | D:3      | Noticed Grinder
  1679 | D:3      | Paralysed by Grinder for 2 turns
  1690 | D:3      | Killed Grinder
  1691 | D:3      | Reached skill level 5 in Unarmed Combat
  1691 | D:3      | Gained mutation: A meltable shield of frost defends you.
                  | (SH +4) [demonic ancestry]
  1691 | D:3      | Reached XP level 4. HP: 15/38 MP: 5/5
  1691 | D:3      | Reached XP level 5. HP: 17/43 MP: 6/6
  1839 | D:3      | Gained mutation: You regenerate health from kills. [demonic
                  | ancestry]
  1839 | D:3      | Reached XP level 6. HP: 46/49 MP: 7/7
  1963 | D:3      | Noticed Robin
  2008 | D:3      | Killed Robin
  2284 | D:3      | Reached skill level 5 in Fighting
  2307 | D:3      | Noticed Terence
  2316 | D:3      | Killed Terence
  2363 | D:3      | Found a runed translucent door.
  2364 | D:3      | Noticed Crazy Yiuf
  2385 | D:3      | Noticed Sigmund
  2405 | D:3      | Killed Sigmund
  2406 | D:3      | Gained mutation: You have a somewhat thin skeletal
                  | structure. (Dex +2, Stealth+) [demonic ancestry]
  2406 | D:3      | Reached XP level 7. HP: 45/56 MP: 8/8
  2633 | D:3      | Killed Crazy Yiuf
  3111 | D:4      | Noticed Dowan
  3113 | D:4      | Noticed Duvessa
  3137 | D:4      | Killed Duvessa
  3145 | D:4      | Killed Dowan
  3817 | D:4      | Found a sacrificial altar of Ru.
  3827 | D:5      | Entered Level 5 of the Dungeon
  3843 | D:5      | Reached XP level 8. HP: 64/64 MP: 9/9
  4177 | D:5      | Found a runed translucent door.
  4177 | D:5      | Noticed BlasphemerAmon's ghost (amateur MfGl)
  4441 | D:5      | Found Moassof's Jewellery Shoppe.
  4874 | D:6      | Found a glowing drain.
  4925 | Sewer    | Entered a sewer
  5400 | D:6      | Identified a scroll of acquirement
  5400 | D:6      | Acquired the amulet of Nobility {rF+ Regen+}
  5483 | D:7      | Gained mutation: You have sharp fingernails. [demonic
                  | ancestry]
  5483 | D:7      | Reached XP level 9. HP: 72/72 MP: 10/10
  5632 | D:7      | Found a shimmering altar of Xom.
  5821 | D:7      | Found a blossoming altar of Fedhas.
  5856 | D:7      | Found a staircase to the Ecumenical Temple.
  6123 | D:7      | Reached skill level 10 in Unarmed Combat
  6125 | D:7      | Identified the +2 kite shield of the Present {Dex+4}
  6420 | D:8      | Noticed Amaemon
  6420 | D:8      | Noticed an orange demon
  6473 | D:8      | Noticed Maurice
  6492 | D:8      | Killed Maurice
  6609 | D:7      | Killed Amaemon
  6610 | D:7      | Reached XP level 10. HP: 54/83 MP: 11/11
  6645 | D:8      | Killed an orange demon
  6708 | D:8      | Found Cegasun's Book Emporium.
  6852 | D:8      | Noticed Psyche
  6869 | Abyss:1  | Cast into level 1 of the Abyss (Psyche)
  6875 | Abyss:1  | Noticed a lich
  6974 | Abyss:1  | Killed a lich
  7011 | Abyss:1  | Noticed an apocalypse crab
  7018 | Abyss:1  | Noticed a wretched star
  7067 | Abyss:1  | Found a corrupted altar of Lugonu.
  7095 | Abyss:1  | Noticed a thrashing horror
  7105 | Abyss:1  | Noticed a large abomination
  7113 | Abyss:1  | Found a corrupted altar of Lugonu.
  7121 | Abyss:1  | Noticed a white draconian
  7123 | Abyss:1  | Fell from the grace of Ignis
  7123 | Abyss:1  | Became a worshipper of Lugonu the Unformed
  7123 | Abyss:1  | Reached * piety under Lugonu
  7123 | Abyss:1  | Reached ** piety under Lugonu
  7125 | D:8      | Escaped the Abyss
  7151 | D:9      | Noticed Harold
  7160 | D:9      | Reached skill level 1 in Invocations
  7316 | D:9      | Found a shimmering blue altar of Sif Muna.
  7328 | D:9      | Reached skill level 10 in Fighting
  7334 | D:9      | Reached skill level 2 in Invocations
  7354 | D:9      | Reached skill level 3 in Invocations
  7426 | D:9      | Reached skill level 4 in Invocations
  7592 | D:9      | Reached skill level 5 in Invocations
  7638 | D:9      | Killed Harold
  7639 | D:9      | Reached skill level 7 in Invocations
  7659 | D:8      | Killed Psyche
  7660 | D:8      | Gained mutation: You have a moderately thin skeletal
                  | structure. (Dex +4, Stealth++) [demonic ancestry]
  7660 | D:8      | Reached XP level 11. HP: 59/90 MP: 16/16
  7973 | D:9      | Reached skill level 8 in Invocations
  8017 | D:9      | Reached skill level 9 in Invocations
  8189 | D:10     | Entered Level 10 of the Dungeon
  8296 | D:11     | Noticed a two-headed ogre
  8298 | D:11     | Banished a two-headed ogre
  8458 | D:11     | Noticed a two-headed ogre
  8459 | D:11     | Banished a two-headed ogre
  8460 | D:11     | Reached skill level 10 in Invocations
  8514 | D:11     | Reached skill level 11 in Invocations
  8614 | D:11     | Identified the +1 leather armour of Jywuefue {Harm}
  8679 | D:11     | Found a staircase to the Lair.
  8718 | D:11     | Reached skill level 12 in Invocations
  8790 | D:11     | You are sucked into a shaft and drop 2 floors!
  8852 | D:12     | Noticed a boulder beetle
  8870 | D:12     | Banished a boulder beetle
  8871 | D:12     | Reached skill level 13 in Invocations
  8872 | D:12     | Noticed a red ugly thing
  8874 | D:12     | Banished a red ugly thing
  8893 | D:12     | Found a flickering gateway to a bazaar.
  8902 | Bazaar   | Entered a bazaar
  8956 | Bazaar   | Found Xotaloah's Book Shop.
  8969 | Bazaar   | Found Jeupekho's Magic Scroll Shop.
  8988 | Bazaar   | Found Aphoor's Armour Shop.
  9018 | Bazaar   | Found Wuociot's Distillery.
  9051 | Bazaar   | Bought a +1 helmet of intelligence for 132 gold pieces
  9087 | Bazaar   | Bought a potion of curing for 27 gold pieces
  9087 | Bazaar   | Bought a potion of haste for 90 gold pieces
  9087 | Bazaar   | Bought a potion of heal wounds for 45 gold pieces
  9087 | Bazaar   | Bought a potion of lignification for 27 gold pieces
  9087 | Bazaar   | Bought a potion of lignification for 27 gold pieces
  9107 | Bazaar   | Bought a scroll of blinking for 97 gold pieces
  9107 | Bazaar   | Bought a scroll of blinking for 97 gold pieces
  9107 | Bazaar   | Bought a scroll of immolation for 52 gold pieces
  9107 | Bazaar   | Bought a scroll of fog for 52 gold pieces
  9209 | D:11     | Was forgiven by Ignis
  9319 | D:11     | Reached skill level 14 in Invocations
  9613 | D:10     | Found a broken altar of Ashenzari.
  9872 | D:10     | Gained mutation: A meltable icy envelope protects you from
                  | harm. (AC +4) [demonic ancestry]
  9872 | D:10     | Reached XP level 12. HP: 74/97 MP: 23/23
  9940 | D:10     | Found a staircase to the Orcish Mines.
  9991 | D:10     | Noticed a boulder beetle
  9993 | D:10     | Banished a boulder beetle
  9994 | D:10     | Reached skill level 15 in Invocations
 10209 | D:10     | Noticed a two-headed ogre
 10215 | D:10     | Killed a two-headed ogre
 10621 | Lair:1   | Entered Level 1 of the Lair of Beasts
 10621 | Lair:1   | Noticed Erica
 10645 | Lair:1   | Killed Erica
 10645 | Lair:1   | Reached *** piety under Lugonu
 10883 | Lair:1   | Noticed Maggie
 10896 | Lair:1   | Killed Maggie
 11581 | Lair:2   | Noticed a death yak
 11581 | Lair:2   | Noticed a death yak
 11595 | Lair:2   | Found a snail-covered altar of Cheibriados.
 11629 | Lair:2   | Reached **** piety under Lugonu
 11869 | Lair:2   | Noticed a death yak
 11920 | Lair:2   | Noticed a death yak
 11921 | Lair:2   | Banished a death yak
 11925 | Lair:2   | Banished a death yak
 11926 | Lair:2   | Banished a death yak
 11927 | Lair:2   | Noticed a death yak
 11945 | Lair:2   | Killed a death yak
 11953 | Lair:2   | Killed a death yak
 12172 | Lair:2   | Gained mutation: You have very sharp fingernails. [demonic
                  | ancestry]
 12172 | Lair:2   | Reached XP level 13. HP: 91/108 MP: 24/24
 12402 | Lair:2   | Found the +7 lajatang of Order {silver, rMut}
 13020 | Lair:3   | Found a staircase to the Snake Pit.
 13236 | Lair:3   | Demolished by a naga

Illustrated notes

Levels and vault maps discovered:
D:1:      dpeg_arrival_water_altar, layout_basic
D:2:      layout_basic, basic_ecumenical_altar, eino_tiny_chamber
D:3:      layout_basic, lemuel_crystal_altar, corexii_leaking_fountain,
          uniq_grinder, uniq_terence, uniq_sigmund, uniq_robin,
          uniq_crazy_yiuf_cottage
D:4:      layout_basic, nicolae_ru_path_of_blood, guppyfry_early_orc_mine,
          uniq_duvessa
D:5:      layout_cave_pods, elyvilon_altar_3, serial_shops,
          kennysheep_mini_moat, hellmonk_ghost_happy_afterlife
D:6:      layout_basic, cheibrodos_sewer_entry_drain
D:7:      layout_basic, fedhas_altar_3, tgw_xom,
          minmay_temple_entry_from_below_b
D:8:      layout_rooms, serial_shops, shop, uniq_psyche, uniq_amaemon,
          uniq_maurice
D:9:      layout_cave_pools, mainiacjoe_overflow_small_starburst, serial_ice,
          serial_ice_d, serial_ice_j, serial_ice_m, serial_ice_e, serial_ice_c,
          serial_ice_b, kennysheep_decorative_pillar, uniq_harold
D:10:     layout_irregular_city, lemuel_crystal_altar, erik_orc_2, hive_lemuel
D:11:     layout_roguey, david_lair_generic
D:12:     layout_basic, serial_shops, freezing_bzr, tso_altar
D:13:     layout_loops_ring, serial_shops, nicolae_lakefront_shop,
          nicolae_shop_rolling_square, nicolae_shop_peninsula, shop_statue,
          nicolae_shop_stone
Lair:1:   layout_roguey, serial_bayou_pond_e, serial_bayou_pond_d,
          kennysheep_abandoned_house, uniq_erica, uniq_maggie
Lair:2:   layout_roguey [special_room_bee], basic_altar, ice2_lemuel
Lair:3:   layout_chaotic_city, minmay_swamp_entry_worms,
          minmay_snake_entry_guardpost_small

Skill      XL: |  1  2  3  4  5  6  7  8  9 10 11 12 13 |
---------------+----------------------------------------+-----
Unarmed Combat | 3 5 6 7 9 11 12 13 14 | 14.5
Fighting       | 4 5 6 7 9 10 12 13 | 13.2
Invocations    | 7 14 15 | 15.0
Spellcasting   | |  1.0
Fire Magic     | |  2.6

Action                     |  1- 3 |  4- 6 |  7- 9 | 10-12 | 13-15 || total
---------------------------+-------+-------+-------+-------+-------++-------
  Melee: Unarmed           |   155 |   113 |   500 |  1005 |   230 ||  2003
         Punch             |     2 |     3 |    24 |    63 |    31 ||   123
  Throw: Stone             |       |       |     7 |     3 |       ||    10
 Invoke: Fiery Armour      |     2 |     2 |     6 |     1 |       ||    11
         Depart the Abyss  |       |       |       |     1 |       ||     1
         Banish            |       |       |       |    13 |     6 ||    19
  Evoke: Wand              |       |       |     3 |     1 |       ||     4
    Use: Scroll            |     5 |       |    12 |    16 |       ||    33
         Potion            |     2 |       |       |     6 |     1 ||     9
   Stab: Sleeping          |       |       |     3 |     4 |       ||     7
 Armour: Robe              |     9 |       |       |       |       ||     9
         Leather armour    |     3 |       |       |       |       ||     3
         Ring mail         |    24 |    35 |   198 |   285 |       ||   542
         Skin              |     5 |       |       |     3 |       ||     8
         Steam dragon scal |       |       |       |   157 |    97 ||   254
  Dodge: Dodged            |    74 |    40 |   292 |   864 |   249 ||  1519
  Block: Other             |       |    16 |    76 |   192 |    49 ||   333

Table legend: (Time is in decaauts)
 A = Elapsed time spent in this place.
 B = Non-inter-level travel time spent in this place.
 C = Inter-level travel time spent in this place.
 D = Time resting spent in this place.
 E = Time spent auto-exploring this place.
 F = Levels seen in this place.
 G = Mean time per level.
                   A        B        C        D        E       F      G
               +--------+--------+--------+--------+--------+-----+--------+
         Total |  12844 |  12266 |    578 |    748 |   7638 |  19 |  676.0 |
       Dungeon |   9861 |   9331 |    530 |    690 |   5995 |  13 |  758.5 |
          Lair |   2451 |   2404 |     47 |     27 |   1390 |   3 |  817.0 |
         Abyss |    250 |    250 |      0 |     31 |    127 |   1 |  250.0 |
        Bazaar |    217 |    217 |      0 |      0 |    126 |   1 |  217.0 |
         Sewer |     63 |     63 |      0 |      0 |      0 |   1 |   63.0 |
               +--------+--------+--------+--------+--------+-----+--------+

Top non-repeatable levels by time:
     D:4: 1139 daAuts
     D:7: 1137 daAuts
     D:3: 1046 daAuts
     D:5: 994 daAuts
  Lair:2: 939 daAuts
    D:10: 931 daAuts
    D:11: 881 daAuts
  Lair:1: 824 daAuts
     D:2: 816 daAuts
     D:1: 793 daAuts
     D:9: 746 daAuts
  Lair:3: 687 daAuts
     D:8: 558 daAuts
     D:6: 504 daAuts
    D:12: 307 daAuts
